 Dungeon Crawl Stone Soup version 0.31-a0-1388-g4b2ba238e7 (webtiles) character file.

Game seed: 10733164206901493656

160942 Laraso the Shatterer (level 17, 0/136 HPs)
             Began as an Oni Cinder Acolyte on Dec 24, 2023.
             Was an Elder of Ignis.
             Killed from afar by a hell hog (22 damage)
             ... with a fireball
             ... on level 3 of the Abyss on Dec 25, 2023.
             The game lasted 01:32:59 (43595 turns).

Laraso the Shatterer (Oni Cinder Acolyte)          Turns: 43595, Time: 01:33:00

Health: 0/136      AC:  6    Str: 20    XL:     17   Next: 77%
Magic:  20/23      EV:  9    Int: 21    God:    Ignis [****..]
Gold:   1029       SH:  0    Dex: 10    Spells: 4/28 levels left

rFire   + . .        a - +7 giant spiked club (flame)
rCold   + . .        (shield currently unavailable)
rNeg    . . .        B - +1 robe of Vines {NoPotionHeal Regen++++}
rPois   +            J - +2 hat {Will+}
rElec   .            E - scarf "Fanaman" {shadows, rPois rF+ Str-2 Dex+6}
rCorr   .            (gloves unavailable)
SInv    .            (boots unavailable)
Will    ++...        O - amulet of magic regeneration
Stlth   +            l - ring of ice
HPRegen 3.62/turn    y - +4 ring of slaying
MPRegen 0.58/turn

%: no passive effects
@: no status effects
A: large, unfitting armour, horns 1, tough skin 1, double potion healing,
drunken brawling, [frail 2], [low MP 1], [subdued magic 1], [inability to drink
after injury 2]
a: Renounce Religion, Fiery Armour, Foxfire Swarm, Rising Flame


You were on level 3 of the Abyss.
You worshipped Ignis.
Ignis was greatly pleased with you.
You visited 5 branches of the dungeon, and saw 26 of its levels.
You visited the Abyss 1 time.

You collected 3542 gold pieces.
You spent 2513 gold pieces at shops.

Inventory:

Hand Weapons
 a - a +7 giant spiked club of flaming (weapon)
Missiles
 I - 4 throwing nets
Armour
 B - the +1 robe of Vines (worn) {NoPotionHeal Regen++++}
   (You found it on level 5 of the Lair of Beasts)

   NoPotionHeal: Its wearer cannot be healed by potions.
   Regen++++: It increases your rate of health regeneration.
 E - the scarf "Fanaman" (worn) {shadows, rPois rF+ Str-2 Dex+6}
   (You bought it in a shop on level 6 of the Dungeon)

   Str-2:     It affects your strength (-2).
   Dex+6:     It affects your dexterity (+6).
   rF+:       It protects you from fire.
   rPois:     It protects you from poison
 J - a +2 hat of willpower (worn)
Jewellery
 l - a ring of ice (left hand)
 r - the ring of Caotileg {rF+++ rN+ Str+2}
   (You found it on level 5 of the Lair of Beasts)

   [ring of positive energy]

   Str+2:     It affects your strength (+2).
   rF+++:     It renders you almost immune to fire.
   rN+:       It protects you from negative energy.
 y - a +4 ring of slaying (right hand)
 C - a ring of resist corrosion
 L - an amulet of regeneration
 O - an amulet of magic regeneration (around neck)
Wands
 x - a wand of flame (24)
 G - a wand of roots (18)
 H - a wand of polymorph (11)
 K - a wand of paralysis (12)
 M - a wand of quicksilver (4)
Scrolls
 b - a scroll of identify
 d - 3 scrolls of amnesia
 i - 3 scrolls of noise
 j - a scroll of vulnerability
 k - a scroll of enchant armour
 q - 2 scrolls of butterflies
 t - 3 scrolls of fog
 v - 4 scrolls of immolation
 w - a scroll of teleportation
 D - 2 scrolls of torment
Potions
 c - 2 potions of curing
 e - 4 potions of attraction
 f - a potion of berserk rage
 g - 4 potions of haste
 h - 2 potions of heal wounds
 m - 2 potions of magic
 o - 3 potions of mutation
 p - a potion of cancellation
 s - 6 potions of enlightenment
 u - 5 potions of might
 z - 4 potions of brilliance
 F - 4 potions of lignification
Miscellaneous
 n - a phial of floods


   Skills:
 * Level 11.1 Fighting
 - Level 22.0 Maces & Flails
 - Level 6.0 Spellcasting
 - Level 5.0 Conjurations
 - Level 7.0 Summonings
 * Level 11.3 Translocations
 - Level 3.0 Fire Magic
 - Level 12.0 Ice Magic
 - Level 5.0 Air Magic


You had 4 spell levels left.
You knew the following spells:

 Your Spells              Type           Power      Damage    Failure   Level
a - Scorch                Fire           28%        2d6       3%          2
b - Blink                 Tloc           82%        N/A       1%          2
c - Lesser Beckoning      Tloc           82%        N/A       1%          2
d - Call Canine Familiar  Summ           27%        N/A       1%          3
e - Ozocubu's Armour      Ice            60%        N/A       1%          3
f - Freezing Cloud        Conj/Ice/Air   21%        6-21      12%         5
r - Manifold Assault      Tloc           41%        N/A       1%          4
s - Swiftness             Air            21%        N/A       2%          3

Your spell library contained the following spells:

 Spells                   Type           Power      Damage    Failure   Level
 Apportation              Tloc           82%        N/A       1%          1
 Summon Small Mammal      Summ           100%       N/A       1%          1
 Ensorcelled Hibernation  Hex/Ice        72%        N/A       1%          2
 Momentum Strike          Conj/Tloc      62%        3d9       1%          2
 Summon Guardian Golem    Hex/Summ       16%        N/A       5%          3
 Cigotuvi's Dreadful Rot  Necr/Alch/Air  20%        N/A       6%          2
 Necrotise                Necr           16%        1d4       8%          1
 Dimensional Bullseye     Hex/Tloc       11%        N/A       8%          4
 Stone Arrow              Conj/Erth      24%        3d8       9%          3
 Jinxbite                 Hex            8%         N/A       12%         2
 Passwall                 Alch/Erth      3%         N/A       12%         2
 Animate Armour           Summ/Erth      32%        N/A       19%         4
 Fugue of the Fallen      Necr           4%         N/A       24%         3
 Sigil of Binding         Hex            4%         N/A       24%         3
 Vampiric Draining        Necr           4%         2d6       24%         3
 Ignite Poison            Fire/Alch      9%         N/A       41%         4
 Cause Fear               Hex            2%         N/A       63%         4
 Fireball                 Conj/Fire      8%         3d6       41%         5
 Conjure Ball Lightning   Conj/Air       10%        3x3d6     86%         6
 Agony                    Necr           4%         N/A       94%         5
 Alistair's Intoxication  Alch           2%         N/A       94%         5
 Disjunction              Tloc           20%        N/A       99%         8
 Discord                  Hex            2%         N/A       100%        8
 Lehudib's Crystal Spear  Conj/Erth      6%         10d3      100%        8
 Chain Lightning          Conj/Air       10%        3d14      100%        9
 Dragon's Call            Summ           13%        N/A       100%        9
 Fire Storm               Conj/Fire      8%         8d2       100%        9
 Shatter                  Erth           2%         3d6*      100%        9


Dungeon Overview and Level Annotations

Branches:
Dungeon (15/15)            Temple (0/1) D:7            Lair (5/5) D:10
  Swamp (1/4) Lair:3        Snake (3/4) Lair:3        Slime (0/5) Lair:4
    Orc (2/2) D:12            Elf (0/3) Orc:2        Vaults (0/5) D:14
 Depths: D:15

Altars:
Dithmenos
Elyvilon
Gozag
Kikubaaqudgha
Nemelex Xobeh
Okawaru
Ru
Vehumet
Xom
Yredelemnul
Jiyva

Shops:
D:6 *   D:7 :   Orc:1 *:   Orc:2 (*([   Snake:2 *(   Snake:3 **

Portals:
Abyss: Lair:5

Annotations:
D:12 2 transporters, bakla's ghost, journeyman MiHu
D:15 Azrael
Lair:5 2 transporters, Tollund's ghost, journeyman TrSh
Snake:3 Louise


Innate Abilities, Weirdness & Mutations

You are too large for most types of armour.
You have a pair of small horns on your head.
You have tough skin. (AC +1)
You gain doubled healing and magic from potions.
Whenever you drink a healing potion, you attack all around you.
[You are very frail. (-20% HP)]
[Your magical capacity is low. (-10% MP)]
[Your spells are a little easier to cast, but a little less powerful.]
[You sometimes lose the ability to drink potions when taking damage.]


Message History

The ancient zyme completely misses you. The green death gestures at you.
The poison arrow hits you!!
You are more poisoned.
You partially resist.
You hit the green death but do no damage.
The green death is moderately wounded.
You feel very sick.
A hell hog comes into view.
The ancient zyme hits you. x2; The green death hits you!
* * * LOW HITPOINT WARNING * * *
Unknown command.
You take a swig of the potion and twirl your +7 giant spiked club of flaming.
The hell hog squeals angrily.
You sock the green death! You burn the green death.
The green death is heavily wounded.
You perforate the ancient zyme like a sieve!!!
You burn the ancient zyme. You headbutt the ancient zyme.
The ancient zyme is almost destroyed.
Your system rejects the healing.
You feel better. The green death hits you!
* * * LOW HITPOINT WARNING * * *
The ancient zyme barely misses you. The ancient zyme hits you.
* * * LOW HITPOINT WARNING * * *
You feel ill.
Unknown command.
You skewer the green death like a kebab!!!
You burn the green death!
You kill the green death!
You feel the corruption within you wane somewhat.
You feel robust.
Your connection to magic feels less subdued.
You feel more energetic.
You bludgeon the ancient zyme!! You burn the ancient zyme.
You destroy the ancient zyme!
Your magical effects are unravelling.
You feel magically purged.
Your icy armour evaporates.
You feel your health improve. The hell hog breathes fire at you.
The fireball explodes!
The fireball engulfs you!! You resist.
You die...

#... ##
##. . ...
....#.. ..
.. .#.#..
.' . .#..#
#.#☼
#.°..#
#...##.h#
#....@.°#
#...##°°.#
#.. #○°.#
#..°.
...#.#
#.... #'.#
.# #....
.... .#
#... .....
#


You could see a hell hog (catching breath).

Vanquished Creatures
  Vashnia (Snake:3)
  Rupert (D:12)
  Mlioglotl (Lair:3)
  Gastronok (Lair:2)
  2 nagarajas (Snake:3)
  A frost giant (D:13)
  2 dire elephants (Lair:5)
  A green death (Abyss:3)
  Harold (D:11)
  A salamander tyrant (Snake:2)
  7 hydras
  9 vault guards
  16 anacondas
  8 two-headed ogres
  3 centaur warriors
  A boulder beetle (D:13)
  A dancing weapon (D:14)
  11 naga warriors
  14 death yaks
  8 naga sharpshooters
  3 orc high priests (Orc:2)
  A shock serpent (Snake:3)
  A skyshark (shapeshifter) (D:13)
  A wretched star (Abyss:3)
  15 skeletal warriors
  Lodul (D:14)
  A skyshark (Lair:4)
  2 salamander mystics
  A spectral anaconda (Lair:5)
  A lindwurm (Lair:3)
  10 naga ritualists
  4 orc knights (Orc:2)
  A deep elf pyromancer (D:13)
  An obsidian statue (Lair:5)
  9 mana vipers
  A large abomination (Abyss:3)
  2 wolf spider zombies (D:14)
  4 ugly things
  2 oklob plants (Lair:5)
  4 necromancers (Lair:5)
  7 cyclopes
  A manticore (D:13)
  7 salamanders
  22 elephants
  5 orc sorcerers (Orc:2)
  7 centaur zombies (D:14)
  5 kobold blastminers (Orc:2)
  5 guardian serpents
  10 naga magi
  A dire elephant skeleton (Lair:5)
  A dire elephant zombie (Lair:5)
  38 black mambas
  5 torpor snails (Lair:4)
  5 cane toads
  3 gargoyles
  2 yaktaurs (shapeshifter) (D:13)
  7 komodo dragons
  2 rime drakes (Lair:3)
  2 tengu conjurers (D:13)
  Psyche (D:12)
  A kobold demonologist (D:13)
  An ancient zyme (Abyss:3)
  A harpy zombie (Abyss:3)
  2 trolls
  2 hornets
  A polar bear (Lair:4)
  12 blink frogs
  2 meliai zombies (D:14)
  5 vampires
  3 wraiths
  4 wyverns
  A spriggan (Lair:3)
  3 shadows
  3 basilisks
  32 yaks
  3 steam dragons
  8 wargs
  A death yak simulacrum (Lair:5)
  7 vampire mosquitoes
  Menkaure (D:7)
  21 nagas
  A spectral cane toad (Lair:5)
  8 water moccasins
  An acid dragon (D:11)
  A hell hound (D:14)
  2 ice beasts
  13 orc warriors
  4 sky beasts
  3 black bears
  15 ogres
  11 wolves
  An elephant skeleton (Lair:5)
  4 centaurs
  4 phantoms
  15 bullfrogs
  5 kobold brigands
  A gnoll sergeant (D:10)
  Blork the orc (D:4)
  A cane toad simulacrum (Lair:5)
  3 scorpions
  5 wights
  A troll zombie (D:12)
  An elephant simulacrum (Lair:5)
  5 killer bees
  An electric eel (Lair:4)
  3 howler monkeys
  A bombardier beetle (D:5)
  A hound (D:5)
  A jelly (D:7)
  2 gnoll boudas
  16 orc priests
  An iguana (D:6)
  3 sleepcaps
  Jessica (D:2)
  18 orc wizards
  A boggart zombie (D:14)
  5 ogre zombies (D:12)
  16 gnolls
  8 adders
  A white imp (D:8)
  3 worms
  3 dart slugs
  64 orcs
  3 endoplasms
  3 giant cockroaches (D:1)
  10 goblins
  4 hobgoblins
  9 jackals
  30 kobolds
  2 quokkas
  2 ball pythons
  7 bats
  3 frilled lizards
  5 gnoll skeletons (D:12)
  2 orc skeletons (D:12)
  12 orc zombies (D:12)
  4 rats
756 creatures vanquished.

Vanquished Creatures (collateral kills)
  A two-headed ogre (D:9)
  An elephant (Lair:2)
  Jeremiah (D:8)
  A komodo dragon (Lair:1)
  A troll (D:10)
  A blink frog (Lair:2)
  A vampire (D:10)
  A yak (Lair:4)
  A steam dragon (D:7)
  A vampire mosquito (Lair:3)
  3 water moccasins
  A wolf (Lair:5)
  A bullfrog (Lair:1)
  2 wights
  A killer bee (D:7)
  A jelly (D:7)
  2 orc priests (D:10)
  A gnoll bouda (D:7)
  3 gnolls
  8 orcs
  11 kobolds
44 creatures vanquished.

Vanquished Creatures (others)
  An orc wizard (Orc:2)
  A quokka (D:8)
2 creatures vanquished.

Grand Total: 802 creatures vanquished

Notes
Turn   | Place    | Note
-------+----------+-------------------------------------------
     0 | D:1      | Laraso the Oni Cinder Acolyte began the quest for the Orb.
     0 | D:1      | Reached XP level 1. HP: 24/24 MP: 2/2
    99 | D:1      | Reached XP level 2. HP: 18/32 MP: 2/4
   157 | D:1      | Learned a level 2 spell: Scorch
   568 | D:1      | Learned a level 2 spell: Blink
   712 | D:1      | Found a faded altar of an unknown god.
  1188 | D:2      | Noticed Jessica
  1219 | D:2      | Killed Jessica
  1220 | D:2      | Reached skill level 4 in Maces & Flails
  1220 | D:2      | Reached XP level 3. HP: 39/39 MP: 0/6
  1449 | D:2      | Reached XP level 4. HP: 48/48 MP: 4/7
  2396 | D:2      | Learned a level 3 spell: Swiftness
  2889 | D:3      | Noticed a scorpion
  2896 | D:3      | Killed a scorpion
  2897 | D:3      | Reached skill level 5 in Maces & Flails
  2897 | D:3      | Reached XP level 5. HP: 44/54 MP: 0/9
  3705 | D:4      | Noticed an ogre
  3717 | D:4      | Killed an ogre
  3718 | D:4      | Reached skill level 6 in Maces & Flails
  3718 | D:4      | Reached XP level 6. HP: 55/62 MP: 1/10
  4098 | D:4      | Noticed Blork the orc
  4105 | D:4      | Killed Blork the orc
  4106 | D:4      | Reached skill level 7 in Maces & Flails
  4266 | D:4      | Reached XP level 7. HP: 50/70 MP: 2/11
  4445 | D:4      | Found an opulent altar of Gozag.
  4787 | D:5      | Entered Level 5 of the Dungeon
  5189 | D:5      | Reached skill level 8 in Maces & Flails
  5422 | D:5      | Learned a level 3 spell: Call Canine Familiar
  5613 | D:5      | Reached skill level 1 in Translocations
  5613 | D:5      | Reached skill level 1 in Air Magic
  6192 | D:6      | Reached XP level 8. HP: 70/78 MP: 5/12
  6429 | D:6      | Found an ancient bone altar of Kikubaaqudgha.
  6738 | D:6      | Found Zekylez's Neck Hole.
  6775 | D:6      | Reached skill level 1 in Summonings
  7242 | D:6      | Found a sacrificial altar of Ru.
  7866 | D:7      | Found a shimmering altar of Xom.
  8065 | D:7      | Found a radiant altar of Vehumet.
  8067 | D:7      | Found an iron altar of Okawaru.
  8105 | D:7      | Reached XP level 9. HP: 36/84 MP: 8/13
  8398 | D:6      | Reached skill level 5 in Summonings
  8796 | D:7      | Noticed Menkaure
  8802 | D:7      | Killed Menkaure
  9016 | D:7      | Found a shadowy altar of Dithmenos.
  9163 | D:7      | Found Hiffiew's Book Shop.
  9171 | D:7      | Bought a book of Battle for 338 gold pieces
  9175 | D:7      | Learned a level 3 spell: Ozocubu's Armour
  9236 | D:7      | Found a staircase to the Ecumenical Temple.
 10211 | D:8      | Noticed Jeremiah
 10327 | D:7      | Reached skill level 5 in Spellcasting
 10600 | D:7      | Reached skill level 1 in Ice Magic
 10895 | D:7      | Reached XP level 10. HP: 49/92 MP: 3/19
 11466 | D:8      | Found a white marble altar of Elyvilon.
 11544 | D:8      | Found a sparkling altar of Nemelex Xobeh.
 12225 | D:8      | Paralysed by a hornet for 2 turns
 12228 | D:8      | Reached skill level 9 in Maces & Flails
 12858 | D:9      | Noticed a two-headed ogre
 12863 | D:9      | HP: 3/87 [two-headed ogre/+0 giant club (18)]
 12866 | D:9      | Killed a two-headed ogre
 12867 | D:9      | Reached skill level 5 in Ice Magic
 13313 | D:8      | Killed Jeremiah
 13451 | D:9      | Noticed a two-headed ogre
 13469 | D:9      | Killed a two-headed ogre
 13470 | D:9      | Reached skill level 10 in Maces & Flails
 13843 | D:9      | Noticed a two-headed ogre
 13856 | D:9      | Killed a two-headed ogre
 13857 | D:9      | Reached XP level 11. HP: 46/100 MP: 4/20
 14232 | D:9      | Noticed a two-headed ogre
 14250 | D:9      | Killed a two-headed ogre
 14251 | D:9      | Reached skill level 11 in Maces & Flails
 15113 | D:10     | Entered Level 10 of the Dungeon
 15986 | D:10     | Found a staircase to the Lair.
 16895 | D:10     | Reached skill level 12 in Maces & Flails
 17640 | D:11     | Noticed a cyclops
 17695 | Lair:1   | Entered Level 1 of the Lair of Beasts
 18122 | Lair:1   | Reached skill level 13 in Maces & Flails
 18392 | Lair:1   | Noticed a death yak
 18392 | Lair:1   | Noticed a death yak
 18767 | Lair:2   | Reached XP level 12. HP: 51/107 MP: 6/21
 18955 | Lair:2   | Noticed Gastronok
 19017 | Lair:2   | Reached skill level 14 in Maces & Flails
 19121 | Lair:2   | Reached skill level 5 in Fighting
 19382 | Lair:2   | Noticed a five-headed hydra
 19415 | Lair:2   | Killed a five-headed hydra
 19781 | Lair:2   | Killed Gastronok
 20385 | Lair:3   | You fall into a shaft and drop 2 floors!
 20385 | Lair:5   | Entered Level 5 of the Lair of Beasts
 20471 | Lair:4   | Noticed a five-headed hydra
 20471 | Lair:4   | Noticed a skyshark
 20476 | Lair:4   | Killed a five-headed hydra
 20488 | Lair:4   | Killed a skyshark
 20797 | Lair:4   | Reached skill level 15 in Maces & Flails
 21028 | Lair:4   | Noticed an eight-headed hydra
 21054 | Lair:4   | Killed an eight-headed hydra
 21085 | Lair:4   | Noticed a seven-headed hydra
 21092 | Lair:4   | Killed a seven-headed hydra
 21421 | Lair:4   | Reached skill level 16 in Maces & Flails
 21598 | Lair:4   | Reached XP level 13. HP: 93/127 MP: 15/22
 22390 | Lair:4   | Found a viscous altar of Jiyva.
 22390 | Lair:4   | Found a staircase to the Slime Pits.
 23091 | Lair:4   | Reached skill level 17 in Maces & Flails
 23354 | Lair:4   | Identified the +5 quarterstaff "Domniy" {flame, *Corrode
                  | rF+ Will+ Dex+7}
 23414 | Lair:4   | Learned a level 5 spell: Freezing Cloud
 23449 | Lair:3   | Found a staircase to the Snake Pit.
 23520 | Lair:3   | Reached skill level 1 in Conjurations
 24839 | Lair:3   | Found a staircase to the Swamp.
 25897 | Lair:5   | Found a transporter.
 25900 | Lair:5   | Found a transporter.
 25910 | Lair:5   | Noticed a great orb of eyes
 26221 | Lair:5   | Reached XP level 14. HP: 89/136 MP: 16/23
 26817 | Lair:5   | Found the +1 robe of Vines {NoPotionHeal Regen++++}
 26904 | Lair:5   | Found a one-way gate to the infinite horrors of the Abyss.
 26904 | Lair:5   | Noticed Tollund's ghost (journeyman TrSh)
 27102 | Lair:5   | Noticed a dire elephant
 27155 | Lair:5   | Reached skill level 18 in Maces & Flails
 27239 | Lair:5   | Reached skill level 5 in Air Magic
 28196 | Lair:5   | Noticed a dire elephant
 28227 | Lair:5   | Killed a dire elephant
 29016 | Lair:5   | Identified the ring of Caotileg {rF+++ rN+ Str+2}
 29226 | Lair:5   | Killed a dire elephant
 29227 | Lair:5   | Reached skill level 5 in Conjurations
 30476 | Lair:2   | HP: 3/136 [death yak (26)]
 31558 | D:11     | Reached skill level 19 in Maces & Flails
 31756 | D:11     | Noticed Harold
 31780 | D:11     | Killed Harold
 32496 | D:12     | Noticed bakla's ghost (journeyman MiHu)
 32511 | D:12     | Noticed Psyche
 32519 | D:12     | Killed Psyche
 32519 | D:12     | Noticed Rupert
 32659 | D:12     | Reached XP level 15. HP: 69/143 MP: 21/24
 33250 | D:12     | Reached skill level 10 in Ice Magic
 33336 | D:12     | Found a staircase to the Orcish Mines.
 33507 | D:12     | Killed Rupert
 33783 | D:12     | Found a transporter.
 33814 | D:12     | Found a transporter.
 33825 | D:12     | You fall into a shaft and drop 2 floors!
 33829 | D:14     | Found a gate to the Vaults.
 34471 | D:13     | Reached skill level 20 in Maces & Flails
 35362 | D:13     | Noticed a frost giant
 35362 | D:13     | Found the +9 sword of Power {lifebolt}
 35690 | Orc:1    | Entered Level 1 of the Orcish Mines
 35690 | Orc:1    | Found Nytouvel's Vocational Training.
 35793 | Orc:1    | Found Ligu's Assorted Antiques.
 35802 | Orc:1    | Bought 3 scrolls of identify for 186 gold pieces
 35803 | Orc:1    | Identified a scroll of acquirement
 35805 | Orc:1    | Acquired 945 gold pieces
 35996 | Orc:2    | Entered Level 2 of the Orcish Mines
 36222 | Orc:2    | Found a staircase to the Elven Halls.
 36719 | Orc:2    | HP: 6/141 [warg (18)]
 37725 | Orc:2    | Found Tousir's Armour Boutique.
 37730 | Orc:2    | Found Ufox Mutor's Weapon Shoppe.
 37737 | Orc:2    | Found Alarejom's Assorted Antiques.
 37750 | Orc:2    | Found Ongihoen's Antique Weapon Boutique.
 37756 | Orc:2    | Bought a potion of curing for 81 gold pieces
 37756 | Orc:2    | Bought a potion of haste for 270 gold pieces
 38024 | Orc:1    | Bought a dark potion for 27 gold pieces
 38024 | Orc:1    | Bought a potion of haste for 310 gold pieces
 38024 | Orc:1    | Bought a viscous brown potion for 27 gold pieces
 38820 | D:13     | Killed a frost giant
 38821 | D:13     | Reached skill level 21 in Maces & Flails
 38967 | D:14     | Found a basalt altar of Yredelemnul.
 39081 | D:14     | Reached XP level 16. HP: 152/152 MP: 21/25
 39368 | D:14     | Noticed Lodul
 39387 | D:14     | Killed Lodul
 39946 | D:15     | Entered Level 15 of the Dungeon
 40021 | D:15     | Noticed Azrael
 40329 | D:6      | Bought the scarf "Fanaman" {shadows, rPois rF+ Str-2 Dex+6}
                  | for 549 gold pieces
 40334 | D:6      | Bought an amulet of regeneration for 450 gold pieces
 40563 | Swamp:1  | Entered Level 1 of the Swamp
 40563 | Swamp:1  | Noticed Mlioglotl
 40573 | Lair:3   | Noticed a tentacled starspawn
 40612 | Lair:3   | Killed Mlioglotl
 40653 | Snake:1  | Entered Level 1 of the Snake Pit
 40802 | Snake:1  | Learned a level 4 spell: Manifold Assault
 40842 | Snake:1  | Reached skill level 22 in Maces & Flails
 41116 | Snake:1  | Reached skill level 5 in Translocations
 42053 | Snake:2  | Reached XP level 17. HP: 143/158 MP: 26/26
 42124 | Snake:2  | You fall into a shaft and drop 1 floor!
 42307 | Snake:2  | Reached skill level 10 in Translocations
 42326 | Snake:2  | Found Mewil's Antique Weapon Boutique.
 42475 | Snake:2  | Found Kyz Elibb's Assorted Antiques.
 42489 | Snake:2  | Learned a level 2 spell: Lesser Beckoning
 42493 | Snake:2  | Bought a scroll of identify for 58 gold pieces
 42493 | Snake:2  | Bought a scroll of enchant weapon for 217 gold pieces
 42821 | Snake:3  | Noticed Vashnia
 42938 | Snake:3  | Killed Vashnia
 43033 | Snake:3  | Reached skill level 10 in Fighting
 43467 | Snake:3  | Found Kurrox's General Store.
 43468 | Snake:3  | Noticed Louise
 43478 | Snake:3  | Found Canoruuss's Specific Store.
 43478 | Abyss:3  | Cast into level 3 of the Abyss (Louise)
 43595 | Abyss:3  | Killed from afar by a hell hog

Illustrated notes

Levels and vault maps discovered:
D:1:      saegor_arrival_simple_c, layout_basic,
          shapermc_ecumenical_altar_ellora
D:2:      minmay_chambers_of_twos, layout_basic, uniq_jessica
D:3:      layout_loops_ring
D:4:      layout_basic, lemuel_doored_altar, hangedman_decor_clover_reticule,
          uniq_blork_the_orc
D:5:      layout_basic
D:6:      layout_cave_pods, marbit_many_paths, nicolae_ru_the_path_less_chosen,
          nicolae_shop_sticking_my_neck_out
D:7:      layout_gridville, kennysheep_mini_moat,
          nicolae_overflow_hidden_temple, nicolae_dithmenos_the_darkroom,
          minmay_temple_entry_enclosed_plants, serial_shops, shop,
          chequers_serial_rivers_marsh, uniq_menkaure
D:8:      kennysheep_kobold_camp, layout_cave_pools, elyvilon_altar_4,
          minmay_ruined_shrine, uniq_jeremiah
D:9:      layout_basic
D:10:     layout_roguey [special_room_orc], erik_lair_orcish_takeover,
          dreamdust_wishing_well, st_stairs_2, minmay_misc_feat_rugged
D:11:     layout_basic, uniq_harold
D:12:     layout_roguey, zombieorc1_lemuel, gammafunk_ghost_arena, uniq_psyche,
          uniq_rupert
D:13:     minmay_guarded_unrand_sword_of_power, layout_stronghold
D:14:     layout_basic, erik_vaults_1, yredelemnul_altar_generic, serial_undead,
          serial_undead_e, serial_undead_a, serial_undead_a, serial_undead_a,
          serial_undead_d, serial_undead_c, uniq_lodul
D:15:     gammafunk_enter_depths_forms, layout_gridville,
          corexii_hall_statues_l, uniq_jorgrun, uniq_azrael
Lair:1:   layout_concentric_octagons, infiniplex_staircase_pool_2
Lair:2:   layout_regular_city, portal_ice_cave_entry_pillars_1,
          serial_bayou_shore_a, grunt_megastairs_4, lemuel_fruit_tree,
          uniq_gastronok
Lair:3:   layout_gridlike, minmay_swamp_entry_swarm, dummy_snake_entry,
          grunt_megastairs_1
Lair:4:   nzn_winding_woodlands_stair_trap
          [nzn_winding_woodlands_5x15_longhouse,
          nzn_winding_woodlands_5x15_pathside_ponds,
          nzn_winding_woodlands_5x15_split_checker,
          nzn_winding_woodlands_15x15_eel_pit,
          nzn_winding_woodlands_5x15_concentric,
          nzn_winding_woodlands_5x15_jagged,
          nzn_winding_woodlands_5x15_pockets], layout_regular_city,
          dpeg_slime_entry_enclosed, fungi_pond_lemuel, pond
Lair:5:   due_jungle_book, layout_long_grid, gammafunk_ghost_abyssal_escape,
          hellmonk_guarded_unrand_vines, infiniplex_staircase_pool,
          serial_bayou_shore_b
Swamp:1:  layout_basic_swamp, nicolae_swamp_tree_designs,
          nicolae_swamp_decorative_isthmus, uniq_mlioglotl
Snake:1:  layout_honeycomb
Snake:2:  layout_rooms, minmay_shoptagon, grunt_megastairs_2
Snake:3:  kennysheep_snake, layout_misc_corridors, nicolae_specific_store,
          nicolae_elevator_lobby_plus, grunt_megastairs_5, uniq_vashnia,
          uniq_louise
Orc:1:    layout_caves, serial_shops, shop, nicolae_shop_vocational
Orc:2:    st_orc_elflike, layout_diamond_mine, mines5_lemuel
Abyss:3:  base: D:13, evilmike_abyss_exit_glass

Skill      XL: |  1  2  3  4  5  6  7  8  9 10 11 12 13 14 15 16 17 |
---------------+----------------------------------------------------+-----
Maces & Flails | 4 5 6 7 8 10 13 16 17 19 21 22 | 22.0
Spellcasting   | 2 3 6 |  6.0
Fire Magic     | 3 |  3.0
Translocations | 1 3 8 11 | 11.3
Air Magic      | 1 3 4 5 |  5.0
Summonings     | 4 7 |  7.0
Ice Magic      | 3 6 7 9 11 12 | 12.0
Fighting       | 8 11 | 11.1
Conjurations   | 3 5 |  5.0

Action                     |  1- 3 |  4- 6 |  7- 9 | 10-12 | 13-15 | 16-18 || total
---------------------------+-------+-------+-------+-------+-------+-------++-------
  Melee: Mace              |    32 |    36 |    45 |       |       |       ||   113
         Headbutt          |     4 |     4 |     9 |    80 |   163 |    74 ||   334
         Morningstar       |       |       |    43 |       |       |       ||    43
         Flail             |       |       |     2 |       |       |       ||     2
         Dire flail        |       |       |       |   503 |       |       ||   503
         Giant spiked club |       |       |       |       |   677 |   519 ||  1196
         Giant club        |       |       |       |       |    72 |       ||    72
   Cast: Scorch            |    23 |    60 |   158 |   134 |    47 |       ||   422
         Call Canine Famil |       |       |    13 |    49 |    33 |     4 ||    99
         Ozocubu's Armour  |       |       |     1 |    52 |    95 |    58 ||   206
         Blink             |       |       |       |     1 |     6 |       ||     7
         Swiftness         |       |       |       |     1 |     9 |     1 ||    11
         Freezing Cloud    |       |       |       |       |    31 |    28 ||    59
         Manifold Assault  |       |       |       |       |       |    83 ||    83
 Invoke: Fiery Armour      |       |       |     1 |     4 |       |       ||     5
  Evoke: Phial of floods   |       |       |       |       |     1 |       ||     1
         Wand              |       |       |       |       |       |     1 ||     1
    Use: Scroll            |     1 |     1 |     3 |    10 |    21 |     9 ||    45
         Potion            |       |       |     3 |     4 |     7 |     2 ||    16
   Stab: Distracted        |       |       |       |     5 |     4 |     1 ||    10
 Armour: Robe              |    28 |    39 |   232 |   508 |   715 |   541 ||  2063
  Dodge: Dodged            |    19 |    20 |   119 |   237 |   248 |   155 ||   798
  Block: Other             |       |       |       |       |    57 |    25 ||    82
         Reflection        |       |       |       |       |    13 |       ||    13

Table legend: (Time is in decaauts)
 A = Elapsed time spent in this place.
 B = Non-inter-level travel time spent in this place.
 C = Inter-level travel time spent in this place.
 D = Time resting spent in this place.
 E = Time spent auto-exploring this place.
 F = Levels seen in this place.
 G = Mean time per level.
                   A        B        C        D        E       F      G
               +--------+--------+--------+--------+--------+-----+--------+
         Total |  43290 |  40928 |   2362 |  14786 |  17756 |  27 | 1603.3 |
       Dungeon |  23957 |  22447 |   1510 |   7271 |  11500 |  15 | 1597.1 |
          Lair |  14252 |  13523 |    729 |   6369 |   4122 |   5 | 2850.4 |
         Swamp |      1 |      1 |      0 |      0 |      0 |   1 |    1.0 |
     Snake Pit |   2635 |   2603 |     32 |    343 |   1224 |   3 |  878.3 |
  Orcish Mines |   2333 |   2244 |     89 |    803 |    910 |   2 | 1166.5 |
         Abyss |    110 |    110 |      0 |      0 |      0 |   1 |  110.0 |
               +--------+--------+--------+--------+--------+-----+--------+

Top non-repeatable levels by time:
  Lair:4: 4027 daAuts
  Lair:5: 3783 daAuts
     D:7: 3223 daAuts
     D:9: 2612 daAuts
     D:6: 2311 daAuts
  Lair:3: 2291 daAuts
  Lair:2: 2226 daAuts
    D:12: 2045 daAuts
    D:10: 1952 daAuts
  Lair:1: 1925 daAuts
     D:8: 1709 daAuts
    D:13: 1643 daAuts
     D:5: 1398 daAuts
     D:2: 1378 daAuts
     D:4: 1337 daAuts
